 Dungeon Crawl Stone Soup version 0.13.1-19-g4b9377e (webtiles) character file.

1201 Kae the Covert (level 8, -10/36 HPs)
             Began as a Spriggan Enchanter on Dec 24, 2013.
             Was a Believer of Lugonu.
             Mangled by an orc warrior
             ... wielding a +0,+1 orcish halberd
              (15 damage)
             ... on Level 6 of the Dungeon.
             The game lasted 00:13:44 (5642 turns).

Kae the Covert (Spriggan Enchanter)                 Turns: 5642, Time: 00:13:45

HP -10/36        AC  3     Str  6      XL: 8   Next: 11%
MP   3/23        EV 18     Int 17      God: Lugonu [**....]
Gold 97          SH  0     Dex 16      Spells:  3 memorised, 10 levels left

Res.Fire  : . . .   See Invis. : +   b - +2,+3 elf dagger (venom)
Res.Cold  : . . .   Warding    : .   A - +1 robe {MR+}
Life Prot.: . . .   Conserve   : .   (shield restricted)
Res.Poison: .       Res.Corr.  : .   (helmet restricted)
Res.Elec. : .       Clarity    : .   (no cloak)
Sust.Abil.: . .     Spirit.Shd : .   (gloves unavailable)
Res.Mut.  : .       Stasis     : .   (boots unavailable)
Res.Rott. : .       Flight     : .   m - amulet of faith
Saprovore : . . .                    (no ring)
                                     (no ring)

@: very slightly contaminated, very quick, quite resistant to hostile
enchantments, extremely stealthy
A: unfitting armour, see invisible, herbivore 3, speed 3, slow metabolism 2
a: Depart the Abyss, Bend Space, Renounce Religion


You were on level 6 of the Dungeon.
You worshipped Lugonu.
Lugonu was pleased with you.
You were not hungry.

You visited 2 branches of the dungeon, and saw 7 of its levels.

You collected 206 gold pieces.
You spent 129 gold pieces at shops.

Inventory:

Hand weapons
 a - a +1,+0 dagger {=f}
 b - a +2,+3 elven dagger of venom (weapon)
 D - a +0,+3 orcish dagger of returning
Missiles
 d - 40 darts (quivered)
 o - 3 darts of frost
Armour
 A - a +1 robe of magic resistance (worn)
Magical devices
 y - a wand of enslavement (6)
Comestibles
 l - 5 bread rations
 C - 14 strawberries
 E - a choko
Scrolls
 f - 6 scrolls of remove curse {unknown}
 g - a scroll of magic mapping
 h - 2 scrolls of blinking {unknown}
 q - a scroll of amnesia {unknown}
 r - 3 scrolls of identify
 s - a scroll of recharging {unknown}
 B - a scroll of curse armour {unknown}
Jewellery
 m - an amulet of faith (around neck)
 x - an uncursed amulet of resist corrosion {unknown}
Potions
 i - 2 potions of speed {unknown}
 j - 2 potions of curing {unknown}
 k - a potion of resistance {unknown}
 n - 2 potions of restore abilities {unknown}
 p - a potion of flight {unknown}
 t - a potion of might {unknown}
 u - a potion of slowing {unknown}
 v - 3 potions of heal wounds {unknown}
 w - a potion of brilliance {unknown}
 z - 2 potions of agility
Books
 c - a book of Maledictions

   Spells                             Type                      Level
   *Corona                            Hexes                        1
   Sure Blade                         Hexes/Charms                 2
   *Ensorcelled Hibernation           Hexes/Ice                    2
   *Confuse                           Hexes                        3
   Enslavement                        Hexes                        4
   Invisibility                       Hexes                        6


   Skills:
 * Level 5.9 Short Blades
 - Level 1.1 Throwing
 - Level 3.0 Dodging
 * Level 9.6 Stealth
 + Level 4.8 Spellcasting
 + Level 5.4 Hexes


You had 10 spell levels left.
You knew the following spells:

 Your Spells              Type           Power        Failure   Level  Hunger
a - Corona                Hex            ###....      1%          1    None
b - Ensorcelled Hibernat  Hex/Ice        ##....       10%         2    #......
c - Confuse               Hex            ###.....     6%          3    ###....


Dungeon Overview and Level Annotations

Branches:
Dungeon (6/27)             Temple (1/1) D:5
    Orc: D:6-11

Altars:
Cheibriados
Elyvilon
Fedhas
Kikubaaqudgha
Makhleb
Nemelex Xobeh
Okawaru
Sif Muna
Vehumet
Xom
Yredelemnul
Zin
the Shining One
Lugonu

Shops:
D:5 [


Innate Abilities, Weirdness & Mutations

You are tiny and cannot use many weapons and most armour.
You have supernaturally acute eyesight.
You are a herbivore.
You cover ground extremely quickly.
You need consume almost no food.


Message History

The orc priest easily resists.
The orc warrior completely misses you. The orc priest misses you.
Casting: Ensorcelled Hibernation
Confirm with . or Enter, or press ? or * to list all spells.
Aiming: Ensorcelled Hibernation
Press: ? - help, Shift-Dir - straight line, f/p - orc priest
Aim: an orc priest, wielding an orcish dagger The orc priest easily resists.
The orc priest hits you with an orcish dagger.
* * * LOW HITPOINT WARNING * * *
The orc warrior hits you from afar with an orcish halberd.
* * * LOW HITPOINT WARNING * * *
Casting: Ensorcelled Hibernation
Confirm with . or Enter, or press ? or * to list all spells.
Aiming: Ensorcelled Hibernation
Press: ? - help, Shift-Dir - straight line, f/p - orc priest
Aim: an orc priest, wielding an orcish dagger The orc priest looks drowsy...
The orc warrior hits you from afar with an orcish halberd!
You die...

###'##########
#..### ##...# #####
######'#### #....
#.........# ###....
#.....%..)####......
+.........)>...#....
#.........######....
#..@......# #....
##o######## #####
#o### #...## ###..#
##.## #..## ##..#
##.########


You could see an orc warrior and an orc priest (sleeping).

Vanquished Creatures
  An orc warrior (D:6)
  2 phantoms
  2 ogres
  A giant frog (D:5)
  2 crimson imps (D:5)
  2 jellies (D:5)
  A gnoll shaman (D:4)
  2 hounds
  A centaur skeleton (D:6)
  3 orc wizards (D:6)
  6 gnolls
  12 adders
  A giant mite (D:5)
  An iguana skeleton (D:5)
  3 giant geckos (D:1)
  4 oozes
  7 orcs
  11 hobgoblins
  7 jackals
  4 quokkas
  6 bats
  4 giant cockroaches
  6 giant newts
  14 goblins
  A hobgoblin skeleton (D:5)
  9 kobolds
  An orc skeleton (D:4)
  11 rats
  A spectral orc (D:3)
126 creatures vanquished.

Notes
Turn   | Place    | Note
--------------------------------------------------------------
     0 | D:1      | Kae, the Spriggan Enchanter, began the quest for the Orb.
     0 | D:1      | Reached XP level 1. HP: 9/9 MP: 4/4
    82 | D:1      | Reached XP level 2. HP: 13/13 MP: 4/6
   251 | D:1      | Reached skill level 4 in Stealth
   251 | D:1      | Reached XP level 3. HP: 11/16 MP: 7/9
   552 | D:1      | Learned a level 2 spell: Ensorcelled Hibernation
  1119 | D:2      | Reached skill level 5 in Stealth
  1338 | D:2      | Reached XP level 4. HP: 21/21 MP: 12/12
  1702 | D:3      | Found a shimmering altar of Xom.
  1783 | D:2      | Found a blossoming altar of Fedhas.
  1890 | D:3      | Found a white marble altar of Elyvilon.
  1961 | D:3      | Found a glowing silver altar of Zin.
  1961 | D:3      | Found a glowing golden altar of the Shining One.
  1961 | D:3      | Found a white marble altar of Elyvilon.
  2252 | D:3      | Found a basalt altar of Yredelemnul.
  2278 | D:3      | Learned a level 3 spell: Confuse
  2367 | D:3      | Reached XP level 5. HP: 24/24 MP: 15/15
  3025 | D:4      | Reached skill level 6 in Stealth
  3563 | D:5      | Entered Level 5 of the Dungeon
  3570 | D:5      | Reached XP level 6. HP: 28/28 MP: 18/18
  3628 | D:5      | Reached skill level 7 in Stealth
  3630 | D:5      | Noticed an ogre
  3649 | D:5      | HP: 1/28 [ogre/giant club (27)]
  3664 | D:5      | Killed an ogre
  3994 | D:5      | Found Stea's Armour Boutique.
  4057 | D:5      | Bought a +1 robe of magic resistance for 129 gold pieces
  4120 | D:5      | Found a staircase to the Ecumenical Temple.
  4146 | Temple   | Entered the Ecumenical Temple
  4182 | Temple   | Became a worshipper of Lugonu the Unformed
  4182 | Temple   | Acquired Lugonu's first power
  4230 | D:5      | Reached skill level 8 in Stealth
  4230 | D:5      | Reached XP level 7. HP: 21/32 MP: 17/20
  4298 | D:5      | Found a snail-covered altar of Cheibriados.
  4298 | D:5      | Noticed a phantom
  4462 | D:5      | Killed a phantom
  4610 | D:5      | Reached skill level 5 in Short Blades
  4612 | D:5      | Acquired Lugonu's second power
  4657 | D:5      | Reached skill level 5 in Hexes
  5030 | D:6      | HP: 1/32 [orc priest/divine providence (16)]
  5349 | D:6      | Reached skill level 9 in Stealth
  5506 | D:6      | Reached XP level 8. HP: 23/36 MP: 17/23
  5642 | D:6      | Mangled by an orc warrior

Action                   |  1- 3 |  4- 6 |  7- 9 || total
-------------------------+-------+-------+-------++-------
Melee: Dagger            |   158 |   135 |    63 ||   356
 Cast: Corona            |    18 |     1 |       ||    19
       Ensorcelled Hiber |     6 |    50 |    35 ||    91
       Confuse           |       |       |    15 ||    15
Evoke: Wand              |       |     1 |       ||     1
  Use: Potion            |     1 |     1 |     1 ||     3
       Scroll            |     7 |       |       ||     7
 Stab: Sleeping          |    11 |    38 |    13 ||    62
       Confused          |       |       |     3 ||     3
